Map: Dusk Towers

Players

Serral - Winner!

  • Race: Zerg Zerg
  • League: Grandmaster

VitamiN

  • Race: Zerg Zerg
  • League: Diamond

Event: DreamHack ZOWIE Open Leipzig

VOD

Have the link to the VOD?

Description

Time

  • Played on: Jan. 22, 2016, 7:26 a.m.
  • Length: 6:46

All games in this series

Show
View Real Time Build Order
Export as new Build Order

Serral Zerg - Winner!

Build Orders: Pool First 

Get SALT Encoding   

  12  0:00  Drone  
  13  0:12  Overlord  
  13  0:17  Drone  
  14  0:30  Drone x2  
  14  0:35  Drone  
  17  0:44  Spawning Pool  
  17  0:47  Drone  
  17  0:56  Drone  
  18  1:10  Extractor  
  17  1:14  Hatchery  
  17  1:15  Drone  
  17  1:31  Queen  
  17  1:32  Zergling x4  
  21  1:38  Overlord  
  21  1:49  Drone  
  21  1:53  Baneling Nest  
  21  2:01  Drone  
  22  2:06  Queen  
  24  2:10  Drone  
  25  2:22  Drone  
  26  2:27  Drone  
  26  2:29  Metabolic Boost  
  27  2:33  Zergling x2  
  28  2:40  Drone x4  
  32  2:47  Overlord  
  32  2:49  Drone  
  33  2:55  Baneling x2  
  33  2:59  Zergling x4  
  35  3:06  Drone  
  35  3:10  Drone  
  37  3:15  Overlord  
  37  3:16  Drone x3  
  37  3:17  Drone x2  
  42  3:22  Drone  
  42  3:30  Baneling x2  
  42  3:34  Drone x2  
  42  3:40  Hatchery  
  43  3:42  Drone  
  43  3:43  Drone  
  45  3:49  Drone x3  
  45  3:51  Extractor  
  45  3:52  Evolution Chamber, Drone  
  47  3:57  Extractor  
  47  4:00  Zergling x6  
  49  4:09  Zergling x4  
  52  4:10  Zergling x2  
  52  4:14  Roach Warren  
  51  4:18  Baneling  
  51  4:19  Zerg Missile Weapons Level 1  
  51  4:20  Overlord  
  51  4:22  Drone  
  51  4:24  Lair  
  52  4:28  Overlord  
  52  4:31  Overlord  
  52  4:35  Baneling x2  
  52  4:44  Drone  
  52  4:45  Drone x4  
  55  4:47  Drone  
  55  4:53  Drone x2  
  55  4:54  Queen  
  55  4:59  Drone x3  
  62  5:05  Drone x3  
  64  5:09  Overlord  
  64  5:10  Drone  
  64  5:14  Zergling x4  
  64  5:21  Glial Reconstitution  
  64  5:23  Overlord  
  64  5:24  Roach x2  
  64  5:27  Roach  
  67  5:30  Roach  
  67  5:35  Roach x3  
  75  5:40  Overlord  
  75  5:41  Overlord  
  75  5:46  Roach x3  
  81  5:54  Roach x2  
  85  6:01  Roach  
  85  6:02  Roach x5  
  95  6:07  Overlord x3  
  95  6:12  Roach x2  
  95  6:16  Roach  
  95  6:18  Roach  
  103  6:21  Roach  
  103  6:24  Overlord  
Show
View Real Time Build Order
Export as new Build Order

VitamiN Zerg 

Build Orders: Hatch First 

Get SALT Encoding   

  12  0:00  Drone  
  13  0:13  Overlord  
  13  0:18  Drone  
  14  0:32  Drone x2  
  16  0:36  Drone  
  17  0:53  Hatchery  
  17  0:55  Drone  
  17  1:00  Drone, Extractor  
  17  1:15  Spawning Pool  
  17  1:17  Drone  
  17  1:21  Drone  
  18  1:30  Drone  
  19  1:40  Overlord  
  19  2:01  Queen  
  19  2:02  Zergling x4  
  19  2:05  Queen  
  19  2:08  Metabolic Boost  
  25  2:16  Zergling x4  
  25  2:18  Zergling x2  
  28  2:26  Baneling Nest  
  25  2:45  Drone x2  
  25  2:46  Drone x3  
  30  2:53  Overlord  
  30  3:03  Queen  
  32  3:08  Drone  
  33  3:15  Drone x2  
  33  3:16  Drone  
  34  3:33  Zergling x4  
  34  3:34  Zergling x8  
  39  3:47  Overlord  
  39  3:49  Drone x5  
  39  3:55  Baneling x2  
  44  4:04  Overlord  
  44  4:05  Drone  
  44  4:06  Drone  
  42  4:21  Zergling x6  
  45  4:24  Baneling x3  
  45  4:26  Hatchery  
  44  4:36  Roach Warren  
  44  4:38  Evolution Chamber  
  40  4:46  Zergling x14  
  43  5:00  Zergling x10  
  45  5:13  Queen  
  42  5:16  Zergling x6  
  44  5:22  Lair  
  44  5:23  Drone x2  
  45  5:29  Baneling x3  
  45  5:34  Drone x2  
  47  5:39  Drone  
  47  5:42  Drone  
  49  5:46  Drone x2  
  51  5:50  Extractor  
  51  5:51  Extractor  
  49  5:57  Drone x3  
  51  6:04  Drone  
  51  6:05  Drone x2  
  51  6:11  Drone x2, Extractor  
  53  6:12  Drone  
  56  6:19  Overlord  
  56  6:24  Drone  
  57  6:26  Drone  
  57  6:30  Drone  
  57  6:31  Drone  
  60  6:34  Drone  

Tags
 
Add a new tag
Caveats
  • Supply blocks, unpowered buildings, or Contaminate may cause inaccurate times.
  • Supply counts are checked every 10 seconds.